Map: Incorporeal LE

Players

ManlyManMeat

  • Race: Zerg Zerg
  • League: Master
  • Spawn Location: 11:00

BigDaddy - Winner!

  • Race: Protoss Protoss
  • League: Diamond
  • Spawn Location: 5:00

VOD

Have the link to the VOD?

Description

Time

  • Played on: June 16, 2025, 9:03 a.m.
  • Length: 8:49
Show
View Real Time Build Order
Export as new Build Order

ManlyManMeat Zerg 

Build Orders: Hatch First 

Get SALT Encoding   

  12  0:07  Overlord  
  12  0:15  Drone  
  12  0:17  Drone  
  14  0:26  Drone  
  15  0:29  Drone  
  16  0:40  Drone  
  17  0:52  Hatchery  
  17  0:54  Drone  
  17  1:01  Drone  
  18  1:11  Spawning Pool  
  17  1:14  Extractor  
  17  1:16  Drone  
  17  1:26  Drone  
  18  1:34  Drone  
  19  1:45  Drone  
  20  1:56  Drone  
  21  2:03  Queen x2  
  21  2:05  Drone  
  26  2:14  Overlord  
  26  2:28  Drone  
  28  2:30  Zergling x2  
  27  2:52  Metabolic Boost  
  27  2:56  Lair  
  27  3:03  Spine Crawler  
  26  3:06  Spine Crawler  
  26  3:10  Roach Warren, Spine Crawler  
  26  3:12  Extractor  
  22  3:30  Hatchery  
  21  3:56  Roach x4  
  21  3:57  Overlord x2  
  29  4:15  Queen  
  31  4:31  Drone x3  
  31  4:32  Drone  
  35  4:42  Roach x2  
  33  5:18  Roach x3  
  33  5:21  Queen  
  39  5:22  Glial Reconstitution  
  39  5:25  Roach  
  43  5:34  Spine Crawler  
  42  5:35  Spine Crawler  
  39  5:56  Spore Crawler, Hydralisk Den  
  39  5:57  Spore Crawler  
  36  6:05  Hatchery  
  35  6:20  Drone x4  
  35  6:21  Drone  
  35  6:25  Spore Crawler  
  39  7:01  Spore Crawler  
  32  7:02  Queen  
  32  7:03  Spore Crawler  
  27  7:32  Drone x2  
  27  7:33  Drone x4  
  31  8:01  Queen  
  31  8:04  Roach  
  31  8:05  Roach x3  
  41  8:20  Hatchery  
  40  8:46  Spore Crawler  
Show
View Real Time Build Order
Export as new Build Order

BigDaddy Protoss - Winner!

Build Orders: Cannon Rush, Forge Fast Expand (FFE) 

Get SALT Encoding   

  1  0:00  Probe  
  12  0:05  Probe  
  14  0:19  Pylon  
  14  0:21  Probe  
  15  0:37  Probe  
  15  0:39  Forge  
  16  0:49  Probe  
  17  1:13  Nexus  
  17  1:20  Pylon  
  17  1:38  Photon Cannon  
  17  1:41  Photon Cannon  
  17  1:47  Probe  
  18  1:57  Photon Cannon  
  18  1:59  Probe  
  19  2:11  Probe  
  19  2:13  Gateway  
  20  2:21  Photon Cannon  
  20  2:22  Probe  
  20  2:24  Probe  
  22  2:30  Probe  
  22  2:36  Probe  
  24  2:47  Probe  
  24  2:49  Assimilator  
  25  2:55  Probe, Assimilator  
  25  3:01  Cybernetics Core  
  25  3:05  Probe  
  26  3:06  Assimilator  
  26  3:07  Probe  
  26  3:08  Assimilator  
  28  3:15  Pylon  
  28  3:19  Probe  
  29  3:20  Probe  
  30  3:29  Probe  
  30  3:31  Probe  
  32  3:38  Probe  
  33  3:43  Shield Battery  
  33  3:49  Shield Battery  
  33  3:53  Pylon  
  33  3:59  Probe  
  33  4:00  Stargate  
  33  4:02  Stargate  
  33  4:07  Probe  
  33  4:08  Pylon  
  34  4:10  Probe  
  36  4:18  Probe  
  37  4:25  Shield Battery  
  37  4:28  Probe  
  38  4:34  Photon Cannon  
  38  4:39  Void Ray  
  42  4:50  Probe  
  46  4:57  Void Ray  
  46  4:58  Probe  
  48  5:19  Photon Cannon  
  52  5:30  Void Ray  
  52  5:36  Pylon  
  52  5:47  Photon Cannon  
  52  5:49  Pylon  
  60  6:30  Void Ray x2  
  60  6:34  Photon Cannon  
  60  6:36  Photon Cannon  
  60  6:38  Photon Cannon  
  56  7:10  Photon Cannon  
  64  7:19  Fleet Beacon  
  64  7:20  Void Ray x2  
  64  7:21  Stargate  
  64  7:25  Nexus  
  60  7:33  Photon Cannon  
  60  7:46  Photon Cannon  
  60  8:08  Photon Cannon  
  60  8:11  Pylon  
Tags
 
Add a new tag
Caveats
  • Supply blocks, unpowered buildings, or Contaminate may cause inaccurate times.
  • Supply counts are checked every 10 seconds.